 Dungeon Crawl Stone Soup version 0.30-a0-879-ga8ba668304 (webtiles) character file.

Game seed: 6257406192478397324

6498 cheesebisquit the Merchant of Misery (level 10, -5/76 HPs)
             Began as a Mummy Necromancer on Mar 12, 2023.
             Was a Believer of Kikubaaqudgha.
             Slain by a chaos spawn (8 damage)
             ... on level 3 of the Abyss on Mar 13, 2023.
             The game lasted 00:50:05 (13011 turns).

cheesebisquit the Merchant of Misery (MuNe)        Turns: 13011, Time: 00:50:05

Health: -5/76      AC: 12    Str: 11    XL:     10   Next: 68%
Magic:  25/25      EV: 16    Int: 20    God:    Kikubaaqudgha [**....]
Gold:   452        SH:  0    Dex: 12    Spells: 17/31 levels left

rFire   x . .      SeeInvis +    o - +3 flail (protect)
rCold   + . .      Faith    +    (no shield)
rNeg    + + +      Spirit   .    d - +1 troll leather armour
rPois   ∞          Reflect  .    e - +1 helmet
rElec   .          Rampage  .    r - +2 cloak
rCorr   .                        (no gloves)
Will    +....                    b - +1 pair of boots
Stlth   +                        (no amulet)
HPRegen 1.12/turn                m - +5 ring of evasion
MPRegen 0.19/turn                t - ring of see invisible

@: about to teleport
A: cold resistance 1, negative energy resistance 3, torment resistance 2, heat
vulnerability 1, in touch with death 1, no potions, faith
a: Renounce Religion, Unearth Wretches


You were on level 3 of the Abyss.
You worshipped Kikubaaqudgha.
Kikubaaqudgha was pleased with you.
You visited 2 branches of the dungeon, and saw 10 of its levels.
You visited the Abyss 1 time.

You collected 478 gold pieces.
You spent 26 gold pieces at shops.

Inventory:

Hand Weapons
 o - a +3 flail of protection (weapon)
 u - a +3 heavy trident
Missiles
 k - 11 poisoned darts
 n - 2 throwing nets
 w - 2 curare-tipped darts
Armour
 a - a +1 robe
 b - a +1 pair of boots (worn)
 d - a +1 troll leather armour (worn)
 e - a +1 helmet (worn)
 j - a +1 leather armour of fire resistance
 r - a +2 cloak (worn)
Jewellery
 i - a +5 ring of evasion
 m - a +5 ring of evasion (left hand)
 t - a ring of see invisible (right hand)
Wands
 l - a wand of charming (15)
 q - a wand of iceblast (7)
 s - a wand of light (11)
 x - a wand of flame (25)
Scrolls
 c - 2 scrolls of teleportation
 f - 2 scrolls of vulnerability
 g - 4 scrolls of amnesia
 p - a scroll of magic mapping


   Skills:
 * Level 6.0 Fighting
 - Level 1.5 Dodging
 - Level 1.5 Stealth
 + Level 11.1 Spellcasting
 + Level 12.7 Necromancy


You had 17 spell levels left.
You knew the following spells:

 Your Spells              Type           Power      Damage    Failure   Level
a - Necrotise             Necr           100%       1d9       1%          1
b - Vampiric Draining     Necr           76%        2d11      1%          3
c - Animate Dead          Necr           76%        N/A       1%          4
d - Agony                 Necr           76%        N/A       1%          5
e - Kiss of Death         Conj/Necr      100%       2d13      1%          1

Your spell library contained the following spells:

 Spells                   Type           Power      Damage    Failure   Level
 Shock                    Conj/Air       44%        1d5       9%          1
 Sting                    Tmut/Pois      44%        1d5       9%          1
 Poisonous Vapours        Pois/Air       22%        N/A       12%         2
 Swiftness                Air            11%        N/A       24%         3
 Airstrike                Air            5%         2d(1-17)  63%         4
 Olgreb's Toxic Radiance  Pois           11%        N/A       63%         4


Dungeon Overview and Level Annotations

Branches:
Dungeon (9/15)             Temple (1/1) D:6
   Lair: D:8-11         Orc: D:9-12

Altars:
Ashenzari
Cheibriados
Dithmenos
Fedhas
Gozag
Kikubaaqudgha
Makhleb
Nemelex Xobeh
Okawaru
Qazlal
Ru
Sif Muna
Trog
Uskayaw
Vehumet
Wu Jian
Xom
Yredelemnul

Shops:
D:3 ([   D:4 ?

Annotations:
D:4 3 runed translucent doors, MrSquiggles's ghost, amateur HOMo; cforsyth's ghost, amateur BaFi
D:5 2 transporters


Innate Abilities, Weirdness & Mutations

You are immune to poison.
Your flesh is cold resistant. (rC+)
You are immune to negative energy. (rN+++)
You are immune to unholy pain and torment.
You are vulnerable to heat. (rF-)
You are in touch with the powers of death.
You do not drink.
You have a special connection with the divine. (Faith)


Message History

The chaos spawn hits you. The chaos spawn freezes you! You resist.
The will-o-the-wisp closely misses you.
The chaos spawn gores you but does no damage.
The chaos spawn closely misses you.
The chaos spawn attacks as you move away!
The chaos spawn hits you.
You are engulfed in flames!
The fire burns you terribly!
The chaos spawn attacks as you move away!
The chaos spawn closely misses you.
The will-o-the-wisp attacks as you move away!
The will-o-the-wisp engulfs you but does no damage.
The chaos spawn attacks as you move away!
The chaos spawn hits you!
* * * LOW HITPOINT WARNING * * *
The chaos spawn freezes you. You resist.
* * * LOW HITPOINT WARNING * * *
The will-o-the-wisp gestures.
The will-o-the-wisp conjures some foxfire!
As you read the scroll labelled AQUIZE COOTAS, it crumbles to dust.
It is a scroll of enchant weapon.
Your +2 flail of protection glows red for a moment.
A foxfire comes into view.
The chaos spawn closely misses you.
The will-o-the-wisp gestures.
The will-o-the-wisp conjures some foxfire!
As you read the scroll of teleportation, it crumbles to dust.
You feel strangely unstable.
You feel the power of the Abyss delaying your translocation!
The foxfire hits you! The fire burns you terribly!
* * * LOW HITPOINT WARNING * * *
A foxfire comes into view. x2
The will-o-the-wisp gestures.
The will-o-the-wisp conjures some foxfire!
The chaos spawn closely misses you.
The foxfire moves out of view. 2 foxfires come into view.
You closely miss the chaos spawn. The chaos spawn gores you.
* * * LOW HITPOINT WARNING * * *
The chaos spawn freezes you! You resist.
You die...
Kikubaaqudgha rasps: "You have failed me!
Welcome... oblivion!"

#.§.#####
#.#§§v#..##
#..§.§..#.#####
#§.......#. #
##v##....#....
# #..##...##.#
.. #
#.#§##.####.
...### ###4###
# # ..# #@.# .
#. .# ####
#..#.##. #..
### ## # ## ##


You could see a chaos spawn.

Vanquished Creatures
  A two-headed ogre (D:8)
  Joseph (D:8)
  A yaktaur (D:9)
  A troll (D:8)
  A hornet (D:9)
  8 yaks
  A wyvern (D:9)
  Eustachio (D:4)
  Menkaure (D:6)
  A steam dragon (D:6)
  An acid dragon (D:8)
  2 water moccasins
  3 orc warriors
  3 ice beasts (D:5)
  A sky beast (D:7)
  An ogre (D:6)
  A black bear (D:8)
  3 centaurs
  2 kobold brigands (D:8)
  2 bullfrogs (D:7)
  4 gnoll sergeants
  2 scorpions
  3 wights
  A killer bee (D:9)
  A jelly (D:5)
  5 orc priests
  2 gnoll boudas
  A hound (D:6)
  3 iguanas
  A sleepcap (D:6)
  6 orc wizards
  23 gnolls
  5 adders
  A shadow imp (D:5)
  A white imp (D:5)
  3 dart slugs
  23 orcs
  3 ball pythons
  5 endoplasms
  A giant cockroach (D:1)
  4 goblins
  9 hobgoblins
  11 jackals
  7 quokkas
  3 bats
  A frilled lizard (D:2)
  13 kobolds
  2 rats
  A spectral orc (D:3)
181 creatures vanquished.

Vanquished Creatures (collateral kills)
  A troll (D:9)
  A yak (D:8)
  3 wights (D:8)
  An orc priest (D:8)
  An orc wizard (D:6)
  3 gnolls
  7 orcs
  A jackal (D:1)
  4 kobolds (D:8)
22 creatures vanquished.

Vanquished Creatures (others)
  A wight (D:4)
  3 yak zombies (D:8)
  An iguana (D:9)
  2 gnoll zombies (D:7)
  4 kobold zombies (D:8)
  18 orc zombies
  9 foxfires (Abyss:3)
  6 withered plants (D:4)
44 creatures vanquished.

Grand Total: 247 creatures vanquished

Notes
Turn   | Place    | Note
-------+----------+-------------------------------------------
     0 | D:1      | cheesebisquit the Mummy Necromancer began the quest for the
                  | Orb.
     0 | D:1      | Reached XP level 1. HP: 13/13 MP: 4/4
   427 | D:1      | Reached XP level 2. HP: 15/19 MP: 1/6
   982 | D:1      | Gained mutation: You are in touch with the powers of death.
                  | [Mummy growth]
   982 | D:1      | Reached XP level 3. HP: 24/24 MP: 3/7
  1061 | D:1      | Learned a level 3 spell: Vampiric Draining
  1370 | D:2      | Found a faded altar of an unknown god.
  1498 | D:2      | Reached skill level 5 in Necromancy
  1777 | D:2      | Reached XP level 4. HP: 30/30 MP: 4/9
  2574 | D:3      | Found Meroysk's Armour Emporium.
  2643 | D:3      | Found Vaumewao's Weapon Boutique.
  2790 | D:3      | Reached XP level 5. HP: 35/35 MP: 9/11
  3202 | D:3      | Found a basalt altar of Yredelemnul.
  3883 | D:3      | Reached skill level 6 in Necromancy
  4012 | D:4      | Reached XP level 6. HP: 20/41 MP: 13/13
  4095 | D:4      | Learned a level 4 spell: Animate Dead
  4101 | D:4      | Learned a level 5 spell: Agony
  4151 | D:4      | Found Tudeish's Magic Scroll Shop.
  4229 | D:4      | Noticed Eustachio
  4232 | D:4      | Reached skill level 5 in Spellcasting
  4505 | D:4      | Found a runed translucent gate.
  4520 | D:4      | Bought a scroll of identify for 26 gold pieces
  4582 | D:4      | Found a broken altar of Ashenzari.
  4652 | D:4      | Killed Eustachio
  4653 | D:4      | Reached skill level 7 in Necromancy
  4761 | D:4      | Found a runed translucent gate.
  4761 | D:4      | Found a runed translucent gate.
  4762 | D:4      | Noticed MrSquiggles's ghost (amateur HOMo)
  4762 | D:4      | Noticed cforsyth's ghost (amateur BaFi)
  4818 | D:4      | Reached XP level 7. HP: 41/46 MP: 7/15
  5616 | D:5      | Entered Level 5 of the Dungeon
  6054 | D:5      | Reached skill level 8 in Necromancy
  6088 | D:5      | Noticed a small abomination
  6092 | D:5      | Noticed an ancient zyme
  6232 | D:5      | Found a transporter.
  6238 | D:5      | Noticed a small abomination
  6267 | D:5      | Found a transporter.
  6401 | D:5      | Reached XP level 8. HP: 52/52 MP: 10/18
  6671 | D:6      | Noticed Menkaure
  6683 | D:6      | Reached skill level 9 in Necromancy
  6683 | D:6      | HP: 1/52 [orc/+0 hand axe (6)]
  6890 | D:6      | Killed Menkaure
  7010 | D:6      | Found a staircase to the Ecumenical Temple.
  7019 | Temple   | Entered the Ecumenical Temple
  7025 | Temple   | Became a worshipper of Kikubaaqudgha
  7478 | D:6      | Found an ornate altar of the Wu Jian Council.
  8135 | D:6      | Found a staircase to the Ecumenical Temple.
  8240 | D:6      | Reached skill level 10 in Necromancy
  8534 | D:6      | Found an ornate altar of the Wu Jian Council.
  8782 | D:7      | Reached XP level 9. HP: 55/57 MP: 6/21
  9596 | D:8      | Reached * piety under Kikubaaqudgha
  9596 | D:8      | Received a gift from Kikubaaqudgha
  9611 | D:8      | Reached skill level 11 in Necromancy
  9809 | D:8      | HP: 1/57 [yak (2)]
 10044 | D:9      | Noticed a troll
 10459 | D:8      | Killed a troll
 10460 | D:8      | Reached skill level 12 in Necromancy
 10583 | D:8      | Reached skill level 1 in Fighting
 10583 | D:8      | Reached skill level 10 in Spellcasting
 10833 | D:8      | Noticed Joseph
 10842 | D:8      | Killed Joseph
 10843 | D:8      | Reached XP level 10. HP: 60/69 MP: 9/24
 10996 | D:8      | Reached ** piety under Kikubaaqudgha
 11196 | D:8      | Noticed a two-headed ogre
 11205 | D:8      | Killed a two-headed ogre
 11206 | D:8      | Reached skill level 5 in Fighting
 11208 | D:8      | Learned a level 1 spell: Kiss of Death
 12703 | Abyss:1  | Cast into level 1 of the Abyss (gnoll sergeant)
 12857 | Abyss:3  | Noticed a starcursed mass
 12918 | Abyss:3  | Noticed a great orb of eyes
 12922 | Abyss:3  | HP: 2/76 [ancient zyme (5)]
 12984 | Abyss:3  | Noticed a will-o-the-wisp
 13011 | Abyss:3  | HP: 3/76 [chaos spawn (6)]
 13011 | Abyss:3  | Slain by a chaos spawn

Illustrated notes

Levels and vault maps discovered:
D:1:      dpeg_arrival_concentric_ovals, layout_loops_corners
D:2:      layout_basic, hellmonk_ecumenical_altar_zigzags, minmay_cupped
D:3:      layout_basic, yredelemnul_forgotten_temple_becter, serial_shops, shop,
          nicolae_shop_temple_entry_statues_fountains
D:4:      layout_layer_cave, mainiacjoe_overflow_alcove_2, serial_shops,
          nicolae_shop_hallway_plus, gammafunk_ghost_cemetery,
          minmay_crystal_room, uniq_eustachio
D:5:      layout_rooms, gammafunk_ghost_abyssal_escape
D:6:      layout_basic, kennysheep_little_box, tso_metal_star,
          minmay_temple_entry_ruins, uniq_menkaure
D:7:      layout_cave_pools, enter_bailey_8, serial_bayou_pond_d
D:8:      layout_cave_pods, kennysheep_generic_room_4, uniq_joseph
D:9:      minmay_the_grid_octo_tiled_squarecenter [minmay_the_grid_octo_chip,
          minmay_the_grid_octo_toaster, minmay_the_grid_octo_odd_swirl,
          minmay_the_grid_octo_checkered,
          minmay_the_grid_square_5x5_megaprize_crossed,
          minmay_the_grid_square_5x5_six_small, minmay_the_grid_square_5x5_bite,
          minmay_the_grid_square_5x5_three_small,
          minmay_the_grid_square_5x5_shrine1], layout_loops_cross,
          lair_entry_dummy, minmay_orc_entry_temple_small
Temple:   sentei_temple_godly_chess
Abyss:3:  base: D:5, serial_sigils_hangedman_snap, hangedman_cross_veins,
          hangedman_abyss_sting

Skill      XL: |  1  2  3  4  5  6  7  8  9 10 |
---------------+-------------------------------+-----
Spellcasting   | 3 4 5 6 8 10 11 | 11.1
Necromancy     | 5 6 7 8 10 12 | 12.7
Fighting       | 2 6 |  6.0
Dodging        | |  1.5
Stealth        | |  1.5

Action                     |  1- 3 |  4- 6 |  7- 9 | 10-12 || total
---------------------------+-------+-------+-------+-------++-------
  Melee: Short sword       |     5 |    82 |       |       ||    87
         Punch             |       |     1 |       |     1 ||     2
         Flail             |       |       |    39 |    50 ||    89
  Throw: Dart              |       |     6 |       |       ||     6
   Cast: Necrotise         |    59 |   107 |   310 |    82 ||   558
         Animate Dead      |       |       |     4 |     3 ||     7
         Vampiric Draining |       |       |     9 |    10 ||    19
         Agony             |       |       |     3 |    11 ||    14
 Invoke: Unearth Wretches  |       |       |       |     1 ||     1
  Evoke: Wand              |       |     2 |       |       ||     2
    Use: Scroll            |       |     7 |     7 |     6 ||    20
   Stab: Distracted        |       |       |     1 |       ||     1
 Armour: Robe              |     7 |    32 |    35 |       ||    74
         Troll leather arm |       |       |    22 |    52 ||    74
  Dodge: Dodged            |    21 |   136 |   273 |   126 ||   556

Table legend: (Time is in decaauts)
 A = Elapsed time spent in this place.
 B = Non-inter-level travel time spent in this place.
 C = Inter-level travel time spent in this place.
 D = Time resting spent in this place.
 E = Time spent auto-exploring this place.
 F = Levels seen in this place.
 G = Mean time per level.
                   A        B        C        D        E       F      G
               +--------+--------+--------+--------+--------+-----+--------+
         Total |  13023 |  11893 |   1130 |   1566 |   8426 |  13 | 1001.8 |
       Dungeon |  12704 |  11578 |   1126 |   1510 |   8304 |   9 | 1411.6 |
        Temple |      9 |      5 |      4 |      0 |      2 |   1 |    9.0 |
         Abyss |    308 |    308 |      0 |     56 |    120 |   3 |  102.7 |
               +--------+--------+--------+--------+--------+-----+--------+

Top non-repeatable levels by time:
     D:8: 2608 daAuts
     D:4: 1954 daAuts
     D:6: 1711 daAuts
     D:1: 1344 daAuts
     D:2: 1274 daAuts
     D:3: 1193 daAuts
     D:5: 1122 daAuts
     D:7: 952 daAuts
     D:9: 541 daAuts
 Abyss:3: 180 daAuts
 Abyss:1: 124 daAuts
  Temple: 9 daAuts
 Abyss:2: 3 daAuts
